 Dungeon Crawl Stone Soup version 0.17-a0-1056-g838d5c0 (webtiles) character file.

133843 halfnothing the Bludgeoner (level 17, 0/101 HPs)
             Began as a Gargoyle Fighter on May 16, 2015.
             Was the Champion of Ashenzari.
             Slain by a deep troll (16 damage)
             ... on level 1 of the Depths on May 17, 2015.
             The game lasted 03:12:59 (28988 turns).

halfnothing the Bludgeoner (Gargoyle Fighter)      Turns: 28988, Time: 03:12:59

Health: 0/101      AC: 38    Str: 29    XL:     17   Next: 15%
Magic:  26/26      EV: 15    Int: 13    God:    Ashenzari [******]
Gold:   1599       SH: 16    Dex: 20    Spells: 0 memorised, 16 levels left

rFire  . . .     SeeInvis +     z - +5 demon whip (slash) (curse)
rCold  + + .     Clarity  +     D - +5 ring mail of Wonder {rPois rCorr Str+2} (curse)
rNeg   + . .     SustAb   .     c - +0 shield (curse)
rPois  ∞         Gourm    .     a - +1 helmet of Seffess {Int+2 Dex+5} (curse)
rElec  +         Spirit   .     d - +0 cloak
rCorr  +         Warding  .     o - +0 pair of gloves
rMut   .         Stasis   .     p - +0 pair of boots
MR     +....                    u - amulet of regeneration (curse)
Stlth  ++........               v - ring "Cicol" {rC++ MP+9 AC+4 Str+2} (curse)
                                h - +3 ring of dexterity (curse)

@: agile, about to teleport, very slightly contaminated, hasted, very quick,
somewhat resistant to hostile enchantments, unstealthy
A: big wings, fangs 1, yellow scales 1, clumsy 1, frail 1, negative energy
resistance 1, electricity resistance, wild magic 1, unbreathing, petrification
resistance, rot immunity, AC +12
a: Fly, Scrying, Transfer Knowledge, Renounce Religion


You were on level 1 of the Depths.
You worshipped Ashenzari.
Ashenzari was exalted by your worship.
You were very hungry.

You visited 5 branches of the dungeon, and saw 29 of its levels.
You visited the Abyss 1 time.
You also visited: Volcano.

You collected 3346 gold pieces.
You spent 1747 gold pieces at shops.

Inventory:

Hand weapons
 z - a cursed +5 demon whip of slashing (weapon)
Armour
 a - the cursed +1 helmet of Seffess (worn) {Int+2 Dex+5}
   (You bought it in a shop on level 4 of the Orcish Mines)

   It affects your intelligence (+2).
   It affects your dexterity (+5).
   It has a curse placed upon it.
 c - a cursed +0 shield (worn)
 d - a +0 cloak (worn)
 o - a +0 pair of gloves (worn)
 p - a +0 pair of boots (worn)
 D - the cursed +5 ring mail of Wonder (worn) {rPois rCorr Str+2}
   (You found it on level 7 of the Dungeon)

   It affects your strength (+2).
   It protects you from poison.
   It protects you from acid and corrosion.
   It has a curse placed upon it.
Rods
 F - a +0 iron rod (11/11)
   (You found it on level 15 of the Dungeon)
Jewellery
 h - a cursed +3 ring of dexterity (left hand)
 u - a cursed amulet of regeneration (around neck)
 v - the cursed ring "Cicol" (right hand) {rC++ MP+9 AC+4 Str+2}
   (You bought it in a shop on level 4 of the Orcish Mines)

   [ring of protection]

   It affects your AC (+4).
   It affects your strength (+2).
   It greatly protects you from cold.
   It affects your magic capacity (+9).
   It has a curse placed upon it.
Magical devices
 i - a wand of draining (1)
 m - a wand of hasting (2)
 E - a wand of digging (6)
 J - a wand of draining (10)
Scrolls
 f - 21 scrolls of identify
 k - 3 scrolls of curse armour
 q - a scroll of summoning
 r - 2 scrolls of remove curse
 s - 2 scrolls of enchant weapon
 x - a scroll of blinking
 y - 4 scrolls of teleportation
 I - 3 scrolls of fog
 M - a scroll of enchant armour
 O - a scroll of recharging
 R - a scroll of magic mapping
Potions
 b - 2 potions of resistance
 g - a potion of berserk rage
 w - 2 potions of curing
 B - 3 potions of cancellation
 H - 2 potions of cure mutation
 S - a potion of agility
Books
 l - a book of Summonings

   Spells                             Type                      Level
   a - Recall                         Summoning/Translocation      3
   b - Aura of Abjuration             Summoning                    5
   c - Shadow Creatures               Summoning                    5
   d - Summon Demon                   Summoning                    5
   e - Summon Forest                  Summoning/Translocation      5
   f - Summon Mana Viper              Hexes/Summoning              5
 t - a book of Spatial Translocations

   Spells                             Type                      Level
   a - Apportation                    Translocation                1
   b - Blink                          Translocation                2
   c - Shroud of Golubria             Charms/Translocation         2
   d - Portal Projectile              Translocation                3
   e - Teleport Other                 Translocation                3
   f - Passage of Golubria            Translocation                4
 C - a Grand Grimoire {highlevel, unknown}

   This book is beyond your current level of understanding.

   Spells                             Type                      Level
   a - Monstrous Menagerie            Summoning                    6
   b - Summon Greater Demon           Summoning                    7
   c - Malign Gateway                 Summoning/Translocation      7
   d - Summon Horrible Things         Summoning                    8
 Q - a book of Minor Magic

   Spells                             Type                      Level
   a - Magic Dart                     Conjuration                  1
   b - Blink                          Translocation                2
   c - Call Imp                       Summoning                    2
   d - Repel Missiles                 Charms/Air                   2
   e - Slow                           Hexes                        2
   f - Conjure Flame                  Conjuration/Fire             3
   g - Mephitic Cloud                 Conjuration/Poison/Air       3
 T - a book of Party Tricks

   Spells                             Type                      Level
   a - Summon Butterflies             Summoning                    1
   b - Apportation                    Translocation                1
   c - Tukima's Dance                 Hexes                        3
   d - Alistair's Intoxication        Transmutation/Poison         4
   e - Invisibility                   Hexes                        6
 U - a book of Maledictions

   Spells                             Type                      Level
   a - Corona                         Hexes                        1
   b - Ensorcelled Hibernation        Hexes/Ice                    2
   c - Confuse                        Hexes                        3
   d - Tukima's Dance                 Hexes                        3
   e - Dazzling Spray                 Conjuration/Hexes            3
Comestibles
 e - 12 bread rations
 n - 12 meat rations
 A - 4 chunks of flesh
 G - a beef jerky
 L - 2 slices of pizza


   Skills:
 + Level 15.0 Fighting
 - Level 20.0(23.5) Maces & Flails
 - Level 11.0 Armour
 - Level 15.0(17.5) Shields


You had 16 spell levels left.
You didn't know any spells.

Dungeon Overview and Level Annotations

Branches:
Dungeon (15/15)            Temple (1/1) D:4            Lair (8/8) D:8
  Swamp (0/4) Lair:4       Spider (0/4) Lair:3        Slime (0/6) Lair:8
    Orc (4/4) D:10            Elf (0/3) Orc:4        Vaults (0/5) D:14
 Depths (1/5) D:15

Altars:
Ashenzari
Cheibriados
Dithmenos
Elyvilon
Fedhas
Gozag
Kikubaaqudgha
Makhleb
Nemelex Xobeh
Okawaru
Qazlal
Ru
Sif Muna
Trog
Vehumet
Xom
Yredelemnul
Zin
The Shining One
Beogh
Jiyva

Shops:
D:12 }!   D:13 =   Orc:3 *%(:*   Orc:4 [[=*

Annotations:
D:10 exclusion: obsidian statue, Sonja


Innate Abilities, Weirdness & Mutations

You are resistant to torment.
Your stone body is resilient (AC +12).
You are immune to poison.
Your large and strong wings let you fly indefinitely.
You resist negative energy.
You are resistant to electric shocks.
You can survive without breathing.
You are immune to petrification.
You are immune to rotting.
You have very sharp teeth.
You are partially covered in yellow scales (AC +2).
You are clumsy. (Dex -2)
You are frail (-10% HP).
Your spells are a little harder to cast, but a little more powerful.


Message History

The deep troll is almost dead.
You repair your equipment.
The deep troll bites you!
* * * LOW HITPOINT WARNING * * *
You block the deep troll's attack. The deep troll claws you!
* * * LOW HITPOINT WARNING * * *
The deep troll shaman calls upon its god to speed up the deep troll.
The deep troll seems to speed up.
Drink which item? (? for menu, Esc to quit)
You feel better. You block the deep troll's attack.
You block the deep troll's attack.
The deep troll claws you but does no damage.
Read which item? (? for menu, Esc to quit)
Okay, then.
Read which item? (? for menu, Esc to quit)
As you read the scroll of teleportation, it crumbles to dust.
You feel strangely unstable.
The deep troll shaman calls upon its god to speed up something.
The deep troll bites you!
You die...

##### #######
#####...###....#. * *
##########.##............. **
,,,..........................
,,,,,
......#..†................ ,
* *#.........#######........
, , ,,.
##....{###....(##....... ,,
≈...##..D##...≈≈§%}#.......
,*,
≈......cT@..≈≈≈≈§.#....... *
, ...##..T##...≈≈≈?}#.......
,, .# #....{###....?##......#
* *
*#.......s.#######.......# ,
, ,............. ........$.#
* ..............##..........
*, ....[........###..........
****, ,.............#
#.(.###.... ,
,..............,...# ##...


You could see a fire dragon, a deep troll, a deep troll shaman and a yaktaur.

Vanquished Creatures
  Gastronok (D:9)
  A fire giant (Depths:1)
  Maud (Orc:4)
  A balrug (Depths:1)
  2 stone giants
  7 dire elephants
  A blizzard demon (Depths:1)
  The ghost of JetFlynn the Basher, a powerful OgHu of Okawaru (D:11)
  Snorg (Lair:7)
  An ettin (Depths:1)
  A vault guard (D:14)
  A fire dragon (Depths:1)
  An ice dragon (Lair:8)
  4 hydras
  2 entropy weavers (Depths:1)
  Erolcha (D:8)
  An anaconda (Lair:8)
  Erica (D:8)
  A centaur warrior (Volcano)
  20 death yaks
  The ghost of VikTorMgn the Carver, a powerful OpFi of Dithmenos (D:10)
  2 deep troll shamans (Depths:1)
  A deep troll earth mage (Depths:1)
  2 tengu warriors
  A deep elf knight (D:14)
  3 sun demons (Depths:1)
  A large abomination (Abyss:1)
  4 hell knights (Abyss:1)
  3 skeletal warriors (D:12)
  An unseen horror (D:14)
  4 deep trolls (Depths:1)
  4 ice devils (Depths:1)
  A lindwurm (Lair:7)
  3 manticores
  An anubis guard (shapeshifter) (Depths:1)
  3 wizards (D:14)
  7 ugly things
  A wolf spider (D:12)
  2 hill giants
  A wolf spider zombie (D:13)
  9 orc knights
  5 griffons
  4 cyclopes
  A salamander (D:15)
  12 elephants
  6 black mambas
  Maurice (D:9)
  A rust devil (Abyss:1)
  Psyche (D:8)
  10 spiny frogs
  A smoke demon (Depths:1)
  2 gargoyles (D:14)
  3 kobold demonologists
  3 fire drakes
  3 two-headed ogres
  An efreet (Abyss:1)
  4 yaktaurs
  7 trolls
  A tengu conjurer (Depths:1)
  6 komodo dragons
  A giant leech (Lair:6)
  A polar bear (Lair:5)
  8 slime creatures (D:15)
  A jumping spider (Depths:1)
  17 blink frogs
  6 ravens
  A boulder beetle (Lair:6)
  A spriggan (D:7)
  5 redbacks (Depths:1)
  3 basilisks
  A deep elf mage (D:12)
  A wraith (D:13)
  20 humans (D:14)
  3 neqoxecs
  4 wyverns
  47 yaks
  10 hippogriffs
  16 wolves
  3 hungry ghosts
  A mottled dragon (D:13)
  A swamp worm (Lair:6)
  6 vampire mosquitoes
  12 wargs
  12 water moccasins
  9 porcupines
  9 spiders (Lair:3)
  52 orc warriors
  3 phantoms
  8 sky beasts
  3 boggarts (Depths:1)
  3 eyes of draining
  7 ice beasts
  3 black bears
  5 necrophages
  16 ogres
  13 centaurs
  3 small abominations (Abyss:1)
  10 crocodiles
  5 big kobolds
  A brain worm (D:14)
  19 giant frogs
  A water moccasin skeleton (D:10)
  24 killer bees
  5 scorpions
  21 wights
  2 wasp zombies (D:13)
  2 quasits
  6 electric eels
  4 centaur zombies
  14 crimson imps
  3 centaur skeletons
  6 hounds
  A wyvern simulacrum (D:14)
  2 giant frog zombies
  6 jellies
  15 iguanas
  28 orc priests
  3 giant frog skeletons
  6 hell rats
  2 killer bee zombies
  36 orc wizards
  14 worker ants
  7 sheep
  2 hound skeletons
  17 adders
  63 river rats
  A shadow imp (D:14)
  9 white imps
  3 adder skeletons
  An adder zombie (D:5)
  5 worms
  6 giant geckos
  201 orcs
  13 bats
  3 bat skeletons
  3 bat zombies
  7 giant cockroaches
  26 goblins
  20 hobgoblins
  5 jackals
  28 kobolds
  8 quokkas
  3 ball pythons
  A giant gecko skeleton (D:5)
  5 giant newts
  A quokka skeleton (D:9)
  3 quokka zombies (D:9)
  33 rats
  A bush (D:9)
  6 fungi
  2 plants
1211 creatures vanquished.

Vanquished Creatures (others)
  A river rat (Lair:6)
  A kobold (D:9)
  5 fungi
  5 plants
12 creatures vanquished.

Grand Total: 1223 creatures vanquished

Notes
Turn   | Place    | Note
--------------------------------------------------------------
     0 | D:1      | halfnothing the Gargoyle Fighter began the quest for the Orb.
     0 | D:1      | Reached XP level 1. HP: 14/14 MP: 1/1
   111 | D:1      | Reached XP level 2. HP: 13/19 MP: 2/2
   248 | D:1      | Reached XP level 3. HP: 18/23 MP: 3/3
   509 | D:2      | Reached skill level 4 in Maces & Flails
   561 | D:2      | Reached XP level 4. HP: 26/28 MP: 4/4
   955 | D:2      | Found a sparkling altar of Nemelex Xobeh.
  1172 | D:4      | Reached skill level 5 in Maces & Flails
  1172 | D:4      | Reached XP level 5. HP: 19/32 MP: 5/5
  1187 | D:4      | Gained mutation: You are partially covered in yellow scales (AC +2). [potion of mutation]
  1187 | D:4      | Gained mutation: You have very sharp teeth. [potion of mutation]
  1480 | D:3      | Reached skill level 6 in Maces & Flails
  1632 | D:3      | Reached XP level 6. HP: 37/37 MP: 6/6
  2260 | D:4      | Found a staircase to the Ecumenical Temple.
  2278 | Temple   | Entered the Ecumenical Temple
  2395 | Temple   | Became a worshipper of Ashenzari the Shackled
  2849 | D:4      | Reached skill level 7 in Maces & Flails
  2959 | D:4      | Reached XP level 7. HP: 18/41 MP: 7/7
  3059 | D:5      | Entered Level 5 of the Dungeon
  3100 | D:5      | Found a glowing silver altar of Zin.
  3197 | D:5      | Reached skill level 8 in Maces & Flails
  3243 | D:5      | Reached skill level 9 in Maces & Flails
  3243 | D:5      | Reached XP level 8. HP: 28/46 MP: 8/8
  3427 | D:5      | Found a bloodstained altar of Trog.
  3582 | D:5      | Reached skill level 10 in Maces & Flails
  3811 | D:6      | Reached skill level 11 in Maces & Flails
  3897 | D:6      | Reached XP level 9. HP: 48/51 MP: 9/9
  3922 | D:6      | Reached skill level 5 in Shields
  4326 | D:7      | Found a shadowy altar of Dithmenos.
  4515 | D:7      | Found a runed door.
  4523 | D:7      | Found a runed door.
  4598 | D:7      | Got the uncursed ring mail of Wonder {rPois rCorr Str+2}
  4609 | D:7      | Identified the +5 ring mail of Wonder {rPois rCorr Str+2} (You found it on level 7 of the Dungeon)
  4699 | D:7      | Found a sacrificial altar of Ru.
  4700 | D:7      | Found an iron altar of Okawaru.
  4723 | D:7      | Reached XP level 10. HP: 56/56 MP: 10/10
  4857 | D:7      | Reached skill level 10 in Shields
  5155 | D:8      | Found a staircase to the Lair.
  5156 | D:8      | Noticed Erolcha
  5288 | D:8      | Noticed Erica
  5673 | D:8      | Killed Erica
  5744 | D:8      | Noticed Psyche
  5763 | D:8      | Killed Psyche
  5763 | D:8      | Reached skill level 12 in Shields
  6043 | D:8      | Killed Erolcha
  6043 | D:8      | Reached skill level 13 in Shields
  6054 | D:8      | Acquired Ashenzari's first power
  6067 | D:8      | Reached XP level 11. HP: 45/60 MP: 11/11
  6451 | Lair:1   | Entered Level 1 of the Lair of Beasts
  6754 | Lair:1   | Reached skill level 14 in Shields
  7060 | Lair:1   | Noticed a six-headed hydra
  7073 | Lair:1   | Killed a six-headed hydra
  7154 | Lair:1   | Reached skill level 15 in Shields
  7526 | Lair:1   | Reached skill level 5 in Fighting
  7656 | Lair:1   | Reached skill level 5 in Armour
  8310 | Lair:2   | HP: 2/64 [spiny frog (13)]
  8486 | Lair:2   | Reached XP level 12. HP: 68/70 MP: 12/12
  8734 | Lair:2   | Identified the cursed +1 plate armour of the Devil's Advocate {Stlth+}
  8784 | Lair:2   | Noticed a four-headed hydra
  8810 | Lair:2   | Killed a four-headed hydra
  9203 | Lair:2   | Identified a scroll of acquirement
  9683 | Lair:3   | Found a hole to the Spider Nest.
  9936 | Lair:3   | Acquired Ashenzari's second power
 10176 | Lair:3   | Identified the +5 shield of the Tarantula {rC++ Slay-4}
 10666 | Lair:4   | Identified the +3 leather armour of Qazlal's Approval {+Blink +Inv rC+ Dex+4}
 10677 | Lair:4   | Found a dark tunnel.
 10689 | Volcano  | Entered a volcano
 10736 | Volcano  | Noticed a centaur warrior
 10757 | Volcano  | Killed a centaur warrior
 11049 | Lair:4   | Found a staircase to the Swamp.
 11309 | Lair:4   | Acquired Ashenzari's third power
 11919 | Lair:5   | Reached skill level 10 in Fighting
 11919 | Lair:5   | Reached XP level 13. HP: 82/82 MP: 13/13
 12023 | Lair:5   | Identified the +1 scale mail of the Tarantula {rPois rC+}
 12470 | Lair:5   | Reached skill level 10 in Armour
 12897 | Lair:6   | HP: 4/82 [giant leech (17)]
 13164 | Lair:6   | Identified the +5 scale mail of Intercession {rPois rF+ rCorr}
 13251 | Lair:6   | Acquired Ashenzari's fourth power
 14306 | Lair:6   | Found a staircase to the Swamp.
 15101 | Lair:7   | Noticed Snorg
 15115 | Lair:7   | Killed Snorg
 15270 | Lair:7   | Gained mutation: Your large and strong wings let you fly indefinitely. [Gargoyle growth]
 15270 | Lair:7   | Reached XP level 14. HP: 78/88 MP: 14/14
 15650 | Lair:7   | Reached skill level 15 in Maces & Flails
 16251 | Lair:8   | Entered Level 8 of the Lair of Beasts
 16264 | Lair:8   | Found a viscous altar of Jiyva.
 16264 | Lair:8   | Found a staircase to the Slime Pits.
 17084 | Lair:8   | Reached skill level 16 in Maces & Flails
 17533 | Lair:8   | HP: 4/88 [dire elephant (22)]
 18022 | Lair:8   | Reached skill level 17 in Maces & Flails
 18851 | D:9      | Noticed Maurice
 18880 | D:9      | Killed Maurice
 19143 | D:9      | Reached XP level 15. HP: 89/92 MP: 15/15
 19193 | D:9      | Found a bloodstained altar of Trog.
 19289 | D:9      | Noticed Gastronok
 19321 | D:9      | Killed Gastronok
 19488 | D:9      | Found a glowing golden altar of the Shining One.
 19588 | D:9      | Found an ancient bone altar of Kikubaaqudgha.
 19588 | D:9      | Found a deep blue altar of Sif Muna.
 19718 | D:9      | Found a basalt altar of Yredelemnul.
 19767 | D:9      | Found a blossoming altar of Fedhas.
 20060 | D:10     | Entered Level 10 of the Dungeon
 20170 | D:10     | Noticed VikTorMgn's ghost (powerful OpFi)
 20192 | D:10     | Killed VikTorMgn's ghost
 20307 | D:10     | Noticed Sonja
 20373 | D:10     | Found a staircase to the Orcish Mines.
 20378 | D:10     | Reached skill level 18 in Maces & Flails
 20646 | D:10     | Cast into the Abyss (Sonja)
 20700 | Abyss:1  | Found a viscous altar of Jiyva.
 20723 | Abyss:1  | Gained mutation: You are frail (-10% HP). [a neqoxec]
 20847 | Abyss:1  | Gained mutation: Your spells are a little harder to cast, but a little more powerful. [a neqoxec]
 20865 | Abyss:1  | Gained mutation: You are clumsy. (Dex -2) [a neqoxec]
 20923 | Abyss:1  | Found a corrupted altar of Lugonu.
 20971 | D:10     | Escaped the Abyss
 21129 | Orc:1    | Entered Level 1 of the Orcish Mines
 21368 | Orc:1    | Found a burning altar of Makhleb.
 22011 | Orc:2    | Found a roughly hewn altar of Beogh.
 22350 | Orc:3    | Found Anlugev's General Store.
 22492 | Orc:3    | Found Eroboami's Food Shoppe.
 22498 | Orc:3    | Found Wik Fogi's General Store.
 22515 | Orc:3    | Bought a potion of berserk rage for 70 gold pieces
 22602 | Orc:3    | Found Wall's Book Shop.
 22603 | Orc:3    | Found Irenena's Weapon Shop.
 23219 | Orc:4    | Entered Level 4 of the Orcish Mines
 23219 | Orc:4    | Found a staircase to the Elven Halls.
 23249 | Orc:4    | Noticed Maud
 23269 | Orc:4    | Killed Maud
 23826 | Orc:4    | Found Xije's General Store.
 23832 | Orc:4    | Found Loesaen's Jewellery Emporium.
 23973 | Orc:4    | Bought a scroll of remove curse for 45 gold pieces
 23973 | Orc:4    | Bought a scroll of remove curse for 45 gold pieces
 23973 | Orc:4    | Bought a potion of heal wounds for 75 gold pieces
 23982 | Orc:4    | Bought the ring "Cicol" {rC++ MP+9 AC+4 Str+2} for 776 gold pieces
 24102 | Orc:4    | Found Utakk's Armour Emporium.
 24102 | Orc:4    | Found Lafuc's Armour Shop.
 24205 | Orc:4    | Bought the +1 helmet of Seffess {Int+2 Dex+5} for 436 gold pieces
 24299 | Orc:4    | Found a roughly hewn altar of Beogh.
 24550 | D:11     | Noticed JetFlynn's ghost (powerful OgHu)
 24569 | D:11     | Killed JetFlynn's ghost
 25123 | D:12     | Found Doerae's Gadget Boutique.
 25138 | D:12     | Reached skill level 19 in Maces & Flails
 25304 | D:12     | Reached XP level 16. HP: 79/90 MP: 16/16
 25710 | D:12     | Found Aggun's Distillery.
 25716 | D:12     | Bought a potion of heal wounds for 75 gold pieces
 25716 | D:12     | Bought a potion of heal wounds for 75 gold pieces
 25716 | D:12     | Bought a potion of haste for 150 gold pieces
 25830 | D:13     | Found Bonihu's Jewellery Emporium.
 26319 | D:13     | Identified the +10 falchion of Eternity {venom, +Inv Dex+3}
 27102 | D:14     | Found a gate to the Vaults.
 27112 | D:14     | Reached skill level 20 in Maces & Flails
 27544 | D:15     | Entered Level 15 of the Dungeon
 27963 | D:15     | Found a staircase to the Depths.
 28385 | Depths:1 | Entered Level 1 of the Depths
 28847 | Depths:1 | Reached XP level 17. HP: 33/99 MP: 17/17
 28954 | Depths:1 | HP: 5/100 [deep troll (7)]
 28982 | Depths:1 | Reached skill level 15 in Fighting
 28988 | Depths:1 | Slain by a deep troll

Vault maps used:
D:1:      dpeg_arrival_rooms_b
D:2:      lemuel_doored_altar, hex_large
D:4:      temple_fountains, first_bread, patterned_corridor
D:5:      zin_statuary, bloody_trog
D:6:      hangedman_minor_gate_pass
D:7:      lemuel_insect_pit, grunt_dithmenos_smoke_and_mirrors,
          grunt_temple_overflow_open, the_bakery
D:8:      dpeg_lair_monsters, grunt_ministairs_2, st_stairs_14, uniq_erolcha,
          uniq_erica, uniq_psyche
D:9:      nicolae_overflow_crystal_walls, lemuel_round_altar,
          lemuel_round_altar, fedhas_altar_decomposition,
          gammafunk_temple_overflow_elements, uniq_maurice, uniq_gastronok
D:10:     minmay_orc_entry_guard_dogs, minmay_statue_bubble, uniq_sonja
D:12:     minmay_open_boxes_in_corner, serial_shops, nicolae_shop_behind_doors,
          shop, nrook_mini_backslash
D:13:     serial_shops, nicolae_shop_trees
D:14:     grunt_vaults_entry_tiered, minmay_holes
D:15:     hangedman_depths_entry_try_elsewhere_first
Temple:   minmay_temple_bridge_a_8
Lair:1:   guppyfry_lair_drakes, grunt_megastairs_1, serial_bayou_shore_a
Lair:2:   infiniplex_staircase_pool, grunt_megastairs_4
Lair:3:   nicolae_spider_entry_tight_spaces, minivault_23
Lair:4:   kennysheep_abandoned_house, minmay_swamp_entry_eels,
          lightli_volcano_entry_magma_tube
Lair:5:   st_stairs_9
Lair:6:   minmay_swamp_entry_worms
Lair:7:   uniq_snorg
Lair:8:   due_jungle_book, slime_altar_1, minivault_23, minivault_19,
          bobbens_ice_dragon_lair
Orc:1:    basic_altar, nicolae_orc_stony_grotto
Orc:2:    basic_altar
Orc:3:    serial_shops, shop, nicolae_shop_trees, nicolae_shop_waterfront, shop,
          shop_statue, nicolae_orc_pool_cavern
Orc:4:    st_orc_town, uniq_maud
Depths:1: hell_entry, roderic_digamma_sauvastika, abyss_entry,
          grunt_ministairs_5, minmay_fire_ice_demons
Volcano:  volcano_caves

Action                   |  1- 3 |  4- 6 |  7- 9 | 10-12 | 13-15 | 16-18 || total
-------------------------+-------+-------+-------+-------+-------+-------++-------
Melee: Flail             |   138 |   295 |   530 |  1201 |  1962 |       ||  4126
       Morningstar       |       |       |       |    30 |       |       ||    30
       Demon whip        |       |       |       |       |   940 |   917 ||  1857
 Abil: Fly               |       |       |       |       |     4 |     1 ||     5
       Stop Flying       |       |       |       |       |     4 |     1 ||     5
Evoke: Wand              |       |       |       |     1 |    10 |     1 ||    12
  Use: Potion            |       |     5 |       |     5 |    12 |     9 ||    31
       Scroll            |       |     1 |     2 |    20 |    11 |     1 ||    35
 Stab: Invisible         |       |       |       |     3 |     7 |       ||    10
  Eat: Chunk             |       |     7 |     9 |    17 |    38 |    14 ||    85
       Bread ration      |       |       |       |     1 |     1 |       ||     2
       Fruit             |       |       |       |     2 |    10 |       ||    12
       Meat ration       |       |       |       |     1 |       |       ||     1
       Royal jelly       |       |       |       |     1 |       |       ||     1
       Beef jerky        |       |       |       |       |     3 |       ||     3
       Pizza             |       |       |       |       |     2 |       ||     2
